 Dungeon Crawl Stone Soup version 0.31-a0-496-g6f97920a28 (webtiles) character file.

Game seed: 17663531835512247347

801 Zonian the Ruffian (level 7, -4/48 HPs)
             Began as an Octopode Shapeshifter on Aug 9, 2023.
             Was an Initiate of Gozag.
             Slain by a gnoll sergeant
             ... wielding a +0 spear
              (14 damage)
             ... on level 5 of the Dungeon.
             The game lasted 00:07:15 (4285 turns).

Zonian the Ruffian (Octopode Shapeshifter)          Turns: 4285, Time: 00:07:16

Health: -4/48      AC:  1    Str: 16    XL:     7   Next: 90%
Magic:  7/7        EV: 14    Int: 11    God:    Gozag
Gold:   92         SH:  0    Dex: 12    Spells: 6/6 levels left

rFire   . .          .
                       - Unarmed
rCold   . . .        (no shield)
rNeg    . . .        (helmet currently unavailable)
rPois   +            d - amulet of regeneration
rElec   .            m - ring of poison resistance
rCorr   +            g - ring of resist corrosion
SInv    .            (no ring)
Will    .....        (no ring)
Stlth   ++           (no ring)
HPRegen 1.08/turn    (no ring)
MPRegen 0.10/turn    (no ring)
                     (no ring)

%: no passive effects
@: beast-form, gold aura, hasted, very quick
A: beast (slay +3), almost no armour, amphibious, 8 rings, camouflage 1,
gelatinous body 1, (nimble swimmer 1), tentacles
a: Begin Untransformation, Renounce Religion, Potion Petition, Call Merchant,
Bribe Branch


You were on level 5 of the Dungeon.
You worshipped Gozag.
Gozag was noncommittal.
You were a hulking beast.
You visited 1 branch of the dungeon, and saw 5 of its levels.

You collected 833 gold pieces.
You paid 741 gold pieces to Gozag.

Inventory:

Jewellery
 d - an amulet of regeneration (around mantle)
 g - a ring of resist corrosion (right tentacle)
 m - a ring of poison resistance (left tentacle)
Talismans
 b - a beast talisman (active)
 c - a flux talisman
Wands
 j - a wand of iceblast (10)
Scrolls
 l - a scroll of enchant weapon
Potions
 a - a potion of lignification
 e - a potion of brilliance
 f - 2 potions of mutation
 h - a potion of magic {unknown}
 i - a potion of resistance {unknown}
 n - 2 potions of ambrosia
 o - a potion of cancellation {unknown}


   Skills:
 + Level 4.2 Fighting
 + Level 4.6 Dodging
 + Level 5.1 Unarmed Combat
 + Level 4.6 Shapeshifting


You had 6 spell levels left.
You didn't know any spells.
Your spell library contained the following spells:

 Spells                   Type           Power      Damage    Failure   Level
 Kiss of Death            Conj/Necr      0%         2d5       34%         1


Dungeon Overview and Level Annotations

Branches:
Dungeon (5/15)             Temple (0/1) D:4

Altars:
Ashenzari
Fedhas
Gozag
Qazlal
Ru
Sif Muna
Vehumet
Yredelemnul
The Shining One


Innate Abilities, Weirdness & Mutations

You are a hulking beast.
Your limbs bulge with bestial killing power. (Slay +3)
You cannot wear most types of armour.
You are amphibious.
You can wear up to eight rings at the same time.
Your skin changes colour to match your surroundings (Stealth+).
Your rubbery body absorbs attacks. (AC +1, EV +1)
((You are camouflaged when in or above water. (Stealth+)))
You have tentacles for arms and can constrict up to eight enemies at once.


Message History

The gnoll sergeant hits you from afar with a +0 spear!
* * * LOW HITPOINT WARNING * * *
An orc comes into view.
It is wielding a +0 hand axe. [a] - 340 gold - lignification, might and resistance [b] - 405 gold - haste and heal wounds [c] - 396 gold - resistance, might and brilliance Purchase which effect?
You no longer have enough gold to petition Gozag for potion effects.
You feel yourself speed up.
You feel much better.
The water moccasin is no longer distracted by gold.
The jelly hits you.
You are splashed with acid.
You resist.
The gnoll sergeant completely misses you.
You bludgeon the jelly!
You kill the jelly!
Your Unarmed Combat skill increases to level 5!
Unknown command.
You bludgeon the water moccasin! You grab the water moccasin.
You squeeze the water moccasin!
The water moccasin is severely wounded.
You constrict the water moccasin. The water moccasin barely misses you.
The gnoll sergeant hits you from afar with a +0 spear.
You bludgeon the water moccasin!
You kill the water moccasin!
The gnoll sergeant hits you from afar with a +0 spear!
There is an open door, spattered with blood here.
You see here 27 gold pieces.
You tentacle-slap the gnoll sergeant. Your grab misses the gnoll sergeant.
The gnoll sergeant is lightly wounded.
The gnoll sergeant hits you with a +0 spear!
* * * LOW HITPOINT WARNING * * *
You barely miss the gnoll sergeant. You grab the gnoll sergeant.
You squeeze the gnoll sergeant.
The gnoll sergeant is lightly wounded.
You constrict the gnoll sergeant, but do no damage.
You tentacle-slap the gnoll sergeant.
The gnoll sergeant is moderately wounded.
You constrict the gnoll sergeant.
The gnoll sergeant hits you with a +0 spear!
You die...
Your body crumbles into a pile of gold.

..........#.......##.....# #
##........##......###.##..##
###.....###.............#....#
##......###....####..##......#
...............# #...##....##
...###..##.###.# ##.#..)....#
##.........##..###..#.....###
.................##.......##
...........#####h######....#
.#..##..#..#...og$...##.#..##
.##.#..<#..#.8..8..8.#......#
...........#.........##....##
.........####+##'##+##.....#
..)......# S.#. #.....#
......##.####.s. #. #.....#
......##..>#...# #g #....##
.....##....#..# .##....#


You could see a gnoll sergeant and an orc.

Vanquished Creatures
  A water moccasin (D:5)
  An ogre (D:5)
  3 scorpions (D:5)
  A howler monkey (D:5)
  A jelly (D:5)
  An orc priest (D:4)
  A gnoll bouda (D:5)
  A hound (D:5)
  Ijyb (D:5)
  An orc wizard (D:4)
  2 iguanas (D:5)
  3 gnolls
  6 adders
  An ufetubus (D:4)
  A worm (D:3)
  A dart slug (D:3)
  10 orcs
  6 ball pythons
  5 bats
  9 endoplasms
  2 giant cockroaches
  6 goblins
  9 hobgoblins
  5 jackals
  4 quokkas
  A frilled lizard (D:1)
  8 kobolds
  10 rats
101 creatures vanquished.

Notes
Turn   | Place    | Note
-------+----------+-------------------------------------------
     0 | D:1      | Zonian the Octopode Shapeshifter began the quest for the
                  | Orb.
     0 | D:1      | Reached XP level 1. HP: 13/13 MP: 1/1
   118 | D:1      | Found a faded altar of an unknown god.
   124 | D:1      | Got Plato's Notes on Nightshade
   125 | D:1      | Prayed at the altar of an unknown god.
   125 | D:1      | Became a worshipper of Gozag Ym Sagoz the Greedy
   137 | D:1      | Reached XP level 2. HP: 18/18 MP: 2/2
   408 | D:1      | Reached XP level 3. HP: 19/23 MP: 3/3
  1152 | D:2      | Reached XP level 4. HP: 29/29 MP: 4/4
  1866 | D:3      | You fall into a shaft and drop 1 floor!
  2439 | D:3      | Found a glowing golden altar of the Shining One.
  2441 | D:3      | Noticed an angel
  2450 | D:3      | Found a basalt altar of Yredelemnul.
  3231 | D:4      | Reached XP level 5. HP: 28/35 MP: 5/5
  3418 | D:4      | Found a staircase to the Ecumenical Temple.
  3452 | D:4      | Reached skill level 4 in Unarmed Combat
  3795 | D:5      | Entered Level 5 of the Dungeon
  3803 | D:5      | Reached XP level 6. HP: 42/42 MP: 6/6
  3812 | D:5      | Found a shimmering blue altar of Sif Muna.
  3864 | D:5      | Found a stormy altar of Qazlal.
  3865 | D:5      | Found a broken altar of Ashenzari.
  3866 | D:5      | Found a sacrificial altar of Ru.
  3868 | D:5      | Found a blossoming altar of Fedhas.
  3869 | D:5      | Found a radiant altar of Vehumet.
  3892 | D:5      | Noticed Ijyb
  4183 | D:5      | Reached XP level 7. HP: 44/46 MP: 7/7
  4186 | D:5      | Killed Ijyb
  4272 | D:5      | HP: 2/47 [iguana (10)]
  4280 | D:5      | Reached skill level 5 in Unarmed Combat
  4285 | D:5      | Slain by a gnoll sergeant

Illustrated notes

Levels and vault maps discovered:
D:1:      ldierk_walled_garden_2, layout_loops_cross,
          shapermc_ecumenical_altar_rom_forum, minmay_split_cup_small
D:2:      layout_basic, minmay_misc_feat_enclosed, minmay_tetromino_s4
D:3:      layout_loops_corners, grunt_temple_overflow_holy_war,
          supply_closet_lemuel, grunt_ministairs_7
D:4:      layout_loops_cross, minmay_temple_entry_trees
D:5:      minmay_chambers_of_threes, layout_cave_pools, led_sif_pool,
          grunt_temple_overflow_open, uniq_ijyb

Skill      XL: |  1  2  3  4  5  6  7 |
---------------+----------------------+-----
Fighting       | 2 3 4 |  4.2
Dodging        | 3 4 |  4.6
Unarmed Combat | 4 5 |  5.1
Shapeshifting  | 4 |  4.6

Action                     |  1- 3 |  4- 6 |  7- 9 || total
---------------------------+-------+-------+-------++-------
  Melee: Unarmed           |    78 |   106 |    30 ||   214
         Constrict         |    17 |    31 |     7 ||    55
         Tentacles         |     8 |    24 |    10 ||    42
         Punch             |     2 |     4 |     1 ||     7
 Invoke: Potion Petition   |       |       |     2 ||     2
    Use: Scroll            |       |    10 |       ||    10
         Potion            |       |     2 |       ||     2
   Stab: Sleeping          |    11 |    10 |       ||    21
         Distracted        |     1 |       |       ||     1
 Armour: Skin              |     8 |     6 |     2 ||    16
  Dodge: Dodged            |    52 |    49 |    20 ||   121

Table legend: (Time is in decaauts)
 A = Elapsed time spent in this place.
 B = Non-inter-level travel time spent in this place.
 C = Inter-level travel time spent in this place.
 D = Time resting spent in this place.
 E = Time spent auto-exploring this place.
 F = Levels seen in this place.
 G = Mean time per level.
                   A        B        C        D        E       F      G
               +--------+--------+--------+--------+--------+-----+--------+
         Total |   4268 |   4013 |    255 |    572 |   2691 |   5 |  853.6 |
       Dungeon |   4268 |   4013 |    255 |    572 |   2691 |   5 |  853.6 |
               +--------+--------+--------+--------+--------+-----+--------+

Top non-repeatable levels by time:
     D:3: 1301 daAuts
     D:4: 1087 daAuts
     D:1: 835 daAuts
     D:2: 704 daAuts
     D:5: 338 daAuts
